 Dungeon Crawl Stone Soup version 0.26-b1-32-g5d43845318 (webtiles) character file.

Game seed: 779754274019623074

16642 teolandon225 the Cleaver (level 12, -11/159 HPs)
             Began as a Minotaur Berserker on Jan 4, 2021.
             Was a High Priest of Trog.
             Killed from afar by an ice statue (16 damage)
             ... with a bolt of cold
             ... in an ice cave.
             The game lasted 00:29:26 (11679 turns).

teolandon225 the Cleaver (Minotaur Berserker)      Turns: 11679, Time: 00:29:26

Health: -11/159    AC: 13    Str: 34    XL:     12   Next: 11%
Magic:  11/11      EV: 14    Int:  4    God:    Trog [*****.]
Gold:   780        SH: 14    Dex:  9    Spells: 11/11 levels left

rFire    . . .     SeeInvis .   o - +1 war axe (vorpal)
rCold    . . .     Faith    .   d - +1 kite shield
rNeg     . . .     Spirit   .   L - +2 ring mail {rPois}
rPois    +         Reflect  .   y - +2 hat
rElec    .         Harm     .   H - +1 cloak
rCorr    +         Rampage  .   (no gloves)
Will     .....                  (no boots)
Stlth    ..........             (no amulet)
HPRegen  0.36/turn              D - +6 ring of strength
MPRegen  0.12/turn              j - ring of resist corrosion

@: berserking, hasted, very quick
A: retaliatory headbutt, horns 2
a: Renounce Religion, Berserk, Trog's Hand, Brothers in Arms


You were in an ice cave.
You worshipped Trog.
Trog was extremely pleased with you.
You visited 1 branch of the dungeon, and saw 12 of its levels.
You also visited: Bailey and Ice Cave.

You collected 780 gold pieces.

Inventory:

Hand Weapons
 a - a +1 hand axe
 o - a +1 vorpal war axe (weapon)
 w - a +3 antimagic war axe
 I - a +2 hand axe
 N - the +5 scythe "Finisher" {speed, eviscerate}
   (You found it on level 11 of the Dungeon)

   Attacks with this weapon are significantly faster.
Armour
 d - a +1 kite shield (worn)
 g - a +0 chain mail
 t - a +0 plate armour
 y - a +2 hat (worn)
 H - a +1 cloak (worn)
 K - the +1 leather armour "Pyfof" {rC+ Stlth+}
   (You found it in a bailey)

   It protects you from cold.
   It makes you more stealthy.
 L - a +2 ring mail of poison resistance (worn)
 M - a +3 leather armour of fire resistance
Jewellery
 i - an uncursed ring of flight
 j - a ring of resist corrosion (right hand)
 n - an uncursed ring of magical power
 D - a +6 ring of strength (left hand)
Wands
 x - a wand of digging (10)
 z - a wand of random effects (20)
 A - a wand of flame (37)
Scrolls
 b - a scroll of blinking {unknown}
 c - 3 scrolls of identify
 h - a scroll of fear
 l - 3 scrolls of fog
 r - a scroll of magic mapping
 u - 6 scrolls of enchant weapon
 B - 2 scrolls of brand weapon {unknown}
 E - a scroll of enchant armour
 F - 4 scrolls of remove curse
Potions
 e - 2 potions of cancellation
 f - a potion of might
 k - 3 potions of lignification
 m - 5 potions of flight
 p - 3 potions of curing
 q - 2 potions of berserk rage
 G - 2 potions of heal wounds


   Skills:
 - Level 10.0 Fighting
 - Level 13.2 Axes
 - Level 9.6 Armour
 - Level 8.9 Dodging
 * Level 11.6 Shields


You had 11 spell levels left.
You didn't know any spells.
Your spell library was empty.

Dungeon Overview and Level Annotations

Branches:
Dungeon (12/15)            Temple (0/1) D:6            Lair (0/6) D:10
    Orc (0/2) D:9          Bailey (visited)           IceCv (1/1)

Altars:
Dithmenos
Elyvilon
Fedhas
Nemelex Xobeh
Okawaru
Qazlal
Trog
Uskayaw
Vehumet
Wu Jian
Xom
The Shining One

Annotations:
IceCv 1 transporter, exclusion: 2 ice statues


Innate Abilities, Weirdness & Mutations

You reflexively headbutt those who attack you in melee.
You have a pair of horns on your head.


Message History

The ice beast is heavily wounded.
You slice the ice beast!! x2
You are too berserk!
You closely miss the ice beast. Your headbutt misses the ice beast.
The ice beast is heavily wounded.
You barely miss the ice beast. x3; The ice beast misses you.
You furiously retaliate!
You headbutt the ice beast. The ice beast misses you.
The ice beast barely misses you.
The ice beast hits you but does no damage.
You slice the ice beast!!
You kill the ice beast!
You slash the ice beast!
You kill the ice beast!
You slash the ice beast!
You kill the ice beast!
You slash the ice beast!
You kill the ice beast!
The ice statue gestures at you. The bolt of cold hits you!
You die...

#####
###...####
##....@...##
#..........##
#....°Y.....##
#.8..8.......#
#/.$...†.....#
#©".$....©.∩.#
#(.).........#
#.8..8.......#
#...........##


You could see 2 ice statues and an ice beast (summoned).

Vanquished Creatures
  2 two-headed ogres
  Erica (D:10)
  An unseen horror (D:10)
  Pikel (D:6)
  2 orc knights (Bailey)
  2 ugly things
  A cyclops (D:11)
  Maurice (D:10)
  2 centaur skeletons
  A kobold demonologist (Bailey)
  2 trolls
  Grinder (D:6)
  Sigmund (D:3)
  5 wraiths
  7 yaks (D:11)
  Eustachio (D:6)
  A basilisk (D:11)
  A steam dragon (D:7)
  A vampire (D:10)
  An acid dragon (D:11)
  A soldier ant (D:10)
  Duvessa (D:7)
  9 orc warriors
  A sky beast (D:10)
  5 ice beasts
  A black bear (D:8)
  4 ogres
  A phantom (D:11)
  2 centaurs
  A big kobold (D:10)
  7 bullfrogs
  Dowan (D:7)
  4 scorpions
  9 killer bees
  4 electric eels (Bailey)
  14 wights
  10 howler monkeys
  3 jellies
  2 hounds
  A centaur zombie (D:5)
  6 bullfrog zombies
  5 orc priests
  2 bullfrog skeletons
  Jessica (D:3)
  3 iguanas
  A gnoll shaman (D:6)
  6 orc wizards
  12 worker ants
  2 hound zombies (D:5)
  A hound skeleton (D:5)
  2 worker ant zombies (D:5)
  12 gnolls
  2 howler monkey skeletons (D:5)
  19 adders
  A shadow imp (D:8)
  12 white imps
  An ooze (D:4)
  An adder skeleton (D:5)
  3 adder zombies (D:5)
  4 worms
  A dart slug (D:1)
  7 leopard geckos
  44 orcs
  7 bats
  A giant cockroach (D:3)
  24 goblins
  11 hobgoblins
  3 jackals
  3 quokkas
  A ball python (D:2)
  7 frilled lizards
  12 kobolds
  4 leopard gecko zombies (D:5)
  A quokka skeleton (D:5)
  5 rats
343 creatures vanquished.

Vanquished Creatures (collateral kills)
  An ugly thing (IceCv)
  Maggie (D:6)
  A gargoyle (D:12)
  2 kobold demonologists
  3 ice beasts (IceCv)
  2 white imps (D:12)
  A hobgoblin (Bailey)
11 creatures vanquished.

Vanquished Creatures (others)
  A quokka (D:9)
  10 plants (D:10)
  3 withered plants (D:5)
14 creatures vanquished.

Grand Total: 368 creatures vanquished

Notes
Turn   | Place    | Note
-------+----------+-------------------------------------------
     0 | D:1      | teolandon225 the Minotaur Berserker began the quest for the
                  | Orb.
     0 | D:1      | Reached XP level 1. HP: 19/19 MP: 0/0
   285 | D:1      | Reached XP level 2. HP: 25/27 MP: 1/1
   344 | D:1      | Reached skill level 4 in Axes
   686 | D:2      | Reached XP level 3. HP: 28/33 MP: 2/2
   912 | D:2      | Reached ** piety under Trog
  1021 | D:2      | Noticed a scorpion
  1032 | D:2      | Killed a scorpion
  1033 | D:2      | Reached XP level 4. HP: 41/41 MP: 3/3
  1193 | D:2      | Reached skill level 5 in Axes
  1503 | D:3      | Noticed Sigmund
  1566 | D:3      | Killed Sigmund
  1567 | D:3      | Reached XP level 5. HP: 47/47 MP: 4/4
  1567 | D:3      | Reached XP level 6. HP: 55/55 MP: 5/5
  1633 | D:3      | Reached skill level 5 in Fighting
  1633 | D:3      | Reached skill level 6 in Axes
  1822 | D:3      | Reached *** piety under Trog
  2029 | D:3      | Noticed Jessica
  2036 | D:3      | Killed Jessica
  2573 | D:4      | Reached XP level 7. HP: 30/61 MP: 6/6
  2862 | D:4      | Reached skill level 7 in Axes
  3087 | D:4      | Reached skill level 5 in Armour
  3559 | D:5      | Entered Level 5 of the Dungeon
  3693 | D:5      | Reached **** piety under Trog
  3722 | D:5      | Reached XP level 8. HP: 70/70 MP: 7/7
  3767 | D:5      | Reached skill level 8 in Axes
  3767 | D:5      | Reached skill level 5 in Dodging
  3867 | D:5      | Found a shimmering altar of Xom.
  4206 | D:6      | Found a glowing golden altar of the Shining One.
  4208 | D:6      | Found a sparkling altar of Nemelex Xobeh.
  4209 | D:6      | Noticed Eustachio
  4224 | D:6      | Killed Eustachio
  4306 | D:6      | Noticed Grinder
  4317 | D:6      | Paralysed by Grinder for 7 turns
  4329 | D:6      | Killed Grinder
  4330 | D:6      | Reached skill level 9 in Axes
  4359 | D:6      | Noticed Maggie
  4374 | D:6      | Killed Maggie
  4437 | D:6      | Found a staircase to the Ecumenical Temple.
  4467 | D:6      | Noticed Pikel
  4483 | D:6      | Killed Pikel
  4484 | D:6      | Reached skill level 10 in Axes
  4484 | D:6      | Reached XP level 9. HP: 79/79 MP: 8/8
  4568 | D:6      | Found a blossoming altar of Fedhas.
  4972 | D:6      | Found a shimmering altar of Xom.
  4979 | D:6      | Found a bloodstained altar of Trog.
  5204 | D:7      | Noticed Duvessa
  5528 | D:7      | Found an ornate altar of the Wu Jian Council.
  5529 | D:7      | Found a stormy altar of Qazlal.
  5550 | D:7      | Noticed Dowan
  5554 | D:7      | Found a shadowy altar of Dithmenos.
  5570 | D:7      | Killed Duvessa
  5572 | D:7      | Killed Dowan
  6046 | D:8      | Found a hide-covered altar of Uskayaw.
  6168 | D:8      | Reached skill level 11 in Axes
  6200 | D:8      | Found a radiant altar of Vehumet.
  7104 | D:8      | Found an iron altar of Okawaru.
  7363 | D:9      | Reached skill level 1 in Shields
  7368 | D:9      | Reached XP level 10. HP: 89/90 MP: 9/9
  7383 | D:9      | Found a white marble altar of Elyvilon.
  7391 | D:9      | Noticed a two-headed ogre
  7400 | D:9      | Killed a two-headed ogre
  7502 | D:9      | Found a staircase to the Orcish Mines.
  7563 | D:9      | You fall into a shaft and drop 1 floor!
  7563 | D:10     | Entered Level 10 of the Dungeon
  7838 | D:10     | Found a staircase to the Lair.
  7926 | D:9      | Reached skill level 12 in Axes
  8441 | D:10     | Noticed Erica
  8454 | D:10     | Killed Erica
  8455 | D:10     | Reached skill level 5 in Shields
  8533 | D:10     | Noticed Maurice
  8554 | D:10     | Killed Maurice
  8931 | D:10     | Killed an unseen horror
  8932 | D:10     | Reached XP level 11. HP: 81/97 MP: 10/10
  9208 | D:11     | Found a flagged portal.
  9222 | D:11     | Reached ***** piety under Trog
  9228 | Bailey   | Entered a bailey
  9357 | Bailey   | Found an iron altar of Okawaru.
  9368 | Bailey   | Noticed a sixfirhy
  9420 | Bailey   | Noticed an orc knight
  9449 | Bailey   | Killed an orc knight
  9933 | Bailey   | Got a fading leather armour
 10083 | Bailey   | Noticed an orc knight
 10098 | Bailey   | Killed an orc knight
 10099 | Bailey   | Reached skill level 13 in Axes
 10597 | D:11     | Identified the +1 leather armour "Pyfof" {rC+ Stlth+} (You
                  | found it in a bailey)
 10652 | D:11     | Reached skill level 10 in Fighting
 11002 | D:11     | Found the +5 scythe "Finisher" {speed, eviscerate}
 11039 | D:11     | Noticed a white ugly thing
 11052 | D:11     | Killed a white ugly thing
 11167 | D:11     | Reached skill level 10 in Shields
 11467 | D:11     | Acquired a +1 vorpal war axe
 11492 | D:12     | Noticed a two-headed ogre
 11502 | D:12     | Killed a two-headed ogre
 11561 | D:12     | Found a frozen archway.
 11569 | D:12     | Reached XP level 12. HP: 106/106 MP: 11/11
 11571 | D:12     | Received a gift from Trog
 11587 | IceCv    | Entered an ice cave
 11596 | IceCv    | Found a transporter.
 11630 | IceCv    | Found a transporter.
 11676 | IceCv    | HP: 5/159 [ice statue/shard of ice (26)]
 11679 | IceCv    | Killed from afar by an ice statue

Illustrated notes

Levels and vault maps discovered:
D:1:      doesnt_arrival_eight_statues, layout_loops_ring
D:2:      layout_loops_ring
D:3:      layout_rooms, uniq_jessica, uniq_sigmund
D:4:      minmay_recursive_quarters, layout_loops_ring
D:5:      layout_rooms, serial_undead, serial_undead_a, serial_undead_c,
          serial_undead_c, serial_undead_f, serial_undead_f, serial_undead_e,
          basic_altar
D:6:      layout_basic, chequers_temple_overflow_statue_of_worship, minitemple,
          minmay_temple_entry_statues_pillars, fedhas_altar_4, uniq_eustachio,
          uniq_pikel, uniq_grinder, uniq_maggie
D:7:      layout_basic, gammafunk_temple_overflow_statue, kennysheep_mini_moat,
          minmay_increasing_density, uniq_duvessa
D:8:      layout_layer_cave, lemuel_coloured_pillars_altar,
          nicolae_overflow_crystal_walls, basic_altar
D:9:      layout_rooms, elyvilon_altar_4, orc_0_dummy,
          kennysheep_generic_room_10
D:10:     layout_loops_cross, dpeg_oklobed_lair, uniq_erica, uniq_maurice
D:11:     layout_loops_ring, enter_bailey_5, minmay_guarded_unrand_finisher
D:12:     minmay_skewed_foursquare, layout_cave_pools,
          portal_ice_cave_entry_imps, serial_shops, shop
IceCv:    ice_cave_statue_garden_transporter

Skill      XL: |  1  2  3  4  5  6  7  8  9 10 11 12 |
---------------+-------------------------------------+-----
Axes           | 4 5 6 7 10 11 12 13 | 13.2
Fighting       | 4 5 6 7 8 9 10 | 10.0
Armour         | 3 4 5 7 8 9 |  9.6
Dodging        | 3 4 6 7 8 |  8.9
Shields        | 1 6 10 11 | 11.6

Action                   |  1- 3 |  4- 6 |  7- 9 | 10-12 || total
-------------------------+-------+-------+-------+-------++-------
Melee: Hand axe          |    70 |   139 |   366 |   451 ||  1026
       Headbutt          |    15 |    21 |    73 |   127 ||   236
       War axe           |       |       |       |    68 ||    68
Invok: Berserk           |     2 |     4 |    10 |    15 ||    31
       Trog's Hand       |       |     1 |     8 |     8 ||    17
       Brothers in Arms  |       |       |     1 |     3 ||     4
  Use: Scroll            |    10 |       |    12 |     7 ||    29
       Potion            |       |       |       |     8 ||     8
 Stab: Distracted        |       |       |       |     1 ||     1
Armor: Chain mail        |    33 |    71 |   225 |    94 ||   423
       Ring mail         |     1 |       |       |    52 ||    53
       Animal skin       |     1 |       |       |       ||     1
Dodge: Dodged            |    16 |    38 |    97 |   126 ||   277
Block: Kite shield       |    26 |    52 |   169 |   255 ||   502
